Map: Orbital Shipyard

Players

Eiki

  • Race: Protoss Protoss
  • League: Master

DIMAGA - Winner!

  • Race: Zerg Zerg
  • League: Platinum

Event: NationWars III

VOD

Have the link to the VOD?

Description

Time

  • Played on: Dec. 3, 2015, 12:04 p.m.
  • Length: 19:15
Show
View Real Time Build Order
Export as new Build Order

Eiki Protoss 

Build Orders: 1 Gate Expand, Nexus First 

Get SALT Encoding   

  12  0:02  Probe (Chrono Boost)  
  13  0:12  Probe (Chrono Boost)  
  14  0:17  Pylon  
  14  0:23  Probe (Chrono Boost)  
  16  0:35  Probe (Chrono Boost)  
  16  0:36  Gateway  
  16  0:46  Probe (Chrono Boost)  
  17  1:05  Nexus  
  17  1:09  Probe (Chrono Boost)  
  18  1:20  Probe (Chrono Boost)  
  18  1:23  Cybernetics Core  
  19  1:26  Assimilator  
  19  1:30  Assimilator  
  19  1:34  Probe (Chrono Boost)  
  20  1:40  Pylon  
  20  1:45  Probe (Chrono Boost)  
  21  1:55  Probe (Chrono Boost)  
  21  2:00  Adept (Chrono Boost)  
  24  2:06  Probe  
  25  2:17  Probe (Chrono Boost)  
  25  2:18  Mothership Core (Chrono Boost)  
  28  2:26  Zealot  
  28  2:27  Warp Gate  
  28  2:28  Probe (Chrono Boost)  
  32  2:37  Probe (Chrono Boost)  
  32  2:39  Probe (Chrono Boost)  
  33  2:47  Probe (Chrono Boost)  
  33  2:49  Probe (Chrono Boost)  
  35  2:57  Nexus  
  37  2:58  Sentry  
  37  2:59  Probe (Chrono Boost)  
  37  3:01  Probe (Chrono Boost)  
  39  3:09  Probe (Chrono Boost)  
  39  3:11  Pylon  
  40  3:14  Probe (Chrono Boost)  
  41  3:20  Probe (Chrono Boost)  
  41  3:25  Probe (Chrono Boost)  
  43  3:27  Sentry  
  43  3:32  Twilight Council, Probe (Chrono Boost)  
  44  3:36  Probe (Chrono Boost)  
  44  3:37  Forge  
  44  3:39  Assimilator  
  45  3:43  Probe (Chrono Boost)  
  45  3:46  Assimilator  
  46  3:49  Probe (Chrono Boost)  
  46  3:51  Pylon  
  46  3:54  Probe (Chrono Boost)  
  48  3:59  Probe (Chrono Boost)  
  49  4:04  Probe (Chrono Boost)  
  49  4:05  Protoss Ground Weapons Level 1  
  49  4:08  Resonating Glaives (Chrono Boost)  
  50  4:11  Probe (Chrono Boost)  
  50  4:12  Probe (Chrono Boost)  
  50  4:15  Probe (Chrono Boost)  
  53  4:21  Probe (Chrono Boost)  
  53  4:23  Probe (Chrono Boost)  
  55  4:25  Probe (Chrono Boost)  
  55  4:29  Robotics Facility  
  56  4:32  Probe (Chrono Boost)  
  56  4:33  Probe (Chrono Boost)  
  56  4:34  Sentry  
  56  4:36  Probe (Chrono Boost)  
  61  4:42  Gateway, Probe (Chrono Boost)  
  61  4:43  Gateway  
  61  4:45  Gateway  
  62  4:48  Pylon  
  62  4:50  Probe x2 (Chrono Boost)  
  64  4:58  Pylon  
  64  5:00  Sentry  
  66  5:07  Gateway  
  66  5:08  Gateway  
  66  5:12  Gateway  
  66  5:14  Gateway  
  66  5:16  Pylon, Warp Prism (Chrono Boost)  
  68  5:23  Sentry  
  68  5:26  Assimilator  
  70  5:38  Adept x2  
  70  5:39  Adept  
  70  5:41  Probe  
  70  5:42  Probe x2  
  79  5:43  Pylon  
  79  5:44  Protoss Ground Weapons Level 2  
  79  5:49  Observer, Blink (Chrono Boost)  
  79  5:50  Zealot  
  82  6:05  Adept x2  
  82  6:06  Adept  
  88  6:13  Probe  
  88  6:14  Probe x2, Assimilator  
  88  6:15  Adept  
  88  6:16  Adept x2  
  97  6:19  Pylon x3  
  97  6:26  Pylon  
  97  6:27  Stalker  
  97  6:28  Stalker x3  
  105  6:39  Stalker x2  
  109  6:40  Stalker x2  
  113  6:55  Stargate  
  113  6:57  Stargate  
  113  7:00  Stalker x4  
  121  7:05  Stalker  
  121  7:06  Stalker  
  117  7:12  Stalker x2  
  103  7:24  Stalker x4  
  109  7:31  Probe x2  
  109  7:32  Probe  
  109  7:34  Photon Cannon x2  
  112  7:40  Phoenix (Chrono Boost)  
  112  7:41  Protoss Ground Weapons Level 3, Photon Cannon  
  112  7:49  Phoenix (Chrono Boost)  
  114  7:56  Stalker x2  
  114  7:57  Stalker x2  
  122  8:06  Stalker  
  114  8:19  Phoenix x2 (Chrono Boost)  
  108  8:22  Warp Prism  
  110  8:40  Phoenix x2 (Chrono Boost)  
  107  9:02  Phoenix x2 (Chrono Boost)  
  111  9:14  Adept x5  
  111  9:15  Zealot x3  
  127  9:24  Phoenix x2 (Chrono Boost)  
  131  9:28  Fleet Beacon  
  131  9:33  Nexus  
  131  9:35  Pylon  
  131  9:36  Pylon  
  131  9:41  Stalker x3  
  141  9:45  Phoenix x2 (Chrono Boost)  
  141  9:53  Photon Cannon  
  141  10:01  Adept x3  
  141  10:02  Adept  
  149  10:08  Observer  
  149  10:10  Stalker x3  
  149  10:11  Stalker  
  148  10:23  Phoenix x2 (Chrono Boost)  
  144  10:33  Stalker x4  
  135  10:45  Phoenix x2 (Chrono Boost)  
  135  10:46  Adept  
  135  10:47  Adept x2  
  131  11:07  Stalker x4  
  131  11:08  Stalker  
  141  11:28  Pylon  
  141  11:29  Pylon  
  141  11:30  Pylon  
  141  11:31  Phoenix (Chrono Boost)  
  141  11:32  Phoenix (Chrono Boost)  
  141  11:35  Adept  
  137  11:53  Phoenix (Chrono Boost)  
  139  11:54  Phoenix (Chrono Boost)  
  139  12:02  Nexus  
  139  12:05  Pylon  
  139  12:07  Robotics Bay  
  139  12:09  Protoss Ground Armor Level 1  
  139  12:10  Robotics Facility  
  139  12:29  Adept x5  
  149  12:30  Adept x3  
  155  12:42  Pylon  
  155  12:44  Photon Cannon  
  155  12:52  Warp Prism (Chrono Boost)  
  155  13:19  Disruptor (Chrono Boost)  
  148  13:20  Disruptor (Chrono Boost)  
  148  13:24  Photon Cannon  
  151  13:28  Assimilator, Gravitic Drive (Chrono Boost)  
  151  13:32  Assimilator  
  151  13:37  Zealot  
  151  13:39  Sentry x2  
  157  13:44  Stalker x3  
  157  13:45  Stalker x2  
  165  14:06  Nexus  
  165  14:09  Pylon  
  165  14:11  Pylon  
  165  14:21  Disruptor  
  165  14:26  Disruptor  
  171  14:44  Stalker x5  
  171  14:45  Stalker x3  
  187  14:52  Disruptor  
  168  15:01  Disruptor  
  152  15:15  Stalker  
  152  15:16  Stalker x6  
  155  15:23  Disruptor  
  148  15:37  Disruptor  
  145  15:43  Stalker x5  
  145  15:44  Stalker  
  155  15:57  Observer  
  152  16:13  Disruptor  
  152  16:15  Observer  
  145  16:34  Observer  
  109  17:01  Nexus  
  109  17:02  Adept x7  
  123  17:13  Adept  
  125  17:52  Pylon  
  125  17:56  Pylon  
  125  18:02  Adept  
  125  18:03  Adept x2  
Show
View Real Time Build Order
Export as new Build Order

DIMAGA Zerg - Winner!

Build Orders: 3 Hatch before Pool, Lurkers 

Get SALT Encoding   

  12  0:00  Drone  
  13  0:12  Overlord  
  13  0:18  Drone  
  14  0:30  Drone x2  
  14  0:35  Drone  
  17  0:52  Hatchery  
  17  0:55  Drone  
  17  0:57  Drone  
  18  1:06  Drone  
  19  1:21  Hatchery  
  18  1:33  Spawning Pool  
  18  1:35  Drone  
  18  1:39  Drone  
  19  1:43  Drone  
  20  1:51  Drone  
  21  2:00  Drone  
  22  2:11  Overlord  
  22  2:12  Drone  
  23  2:16  Drone  
  23  2:20  Queen x2  
  28  2:32  Zergling x4  
  28  2:33  Zergling x2  
  28  2:34  Queen, Zergling x2  
  34  2:41  Drone  
  35  2:46  Overlord, Drone  
  36  2:54  Drone x2  
  36  2:55  Drone  
  36  2:58  Queen  
  41  3:01  Extractor  
  41  3:02  Extractor  
  41  3:05  Drone x2  
  40  3:06  Drone  
  40  3:09  Drone  
  42  3:16  Drone x2  
  43  3:23  Drone  
  43  3:30  Drone x7  
  43  3:31  Overlord  
  49  3:36  Overlord  
  49  3:47  Metabolic Boost  
  49  3:51  Drone x4  
  49  3:52  Drone x2  
  55  4:02  Hatchery  
  55  4:08  Lair  
  55  4:09  Drone x3  
  57  4:14  Drone x3  
  60  4:20  Overlord  
  60  4:21  Overlord  
  60  4:23  Zergling x2  
  60  4:24  Drone x2  
  60  4:27  Extractor  
  60  4:28  Extractor  
  60  4:29  Extractor  
  60  4:31  Extractor, Zergling x8  
  62  4:33  Drone x2  
  62  4:38  Drone  
  65  4:42  Drone x6  
  71  4:58  Drone x6  
  77  5:09  Drone x4, Spire  
  77  5:10  Drone  
  81  5:17  Queen  
  81  5:19  Drone x5  
  88  5:26  Overlord x2  
  88  5:31  Evolution Chamber  
  88  5:33  Overlord, Hydralisk Den, Extractor x2  
  88  5:34  Zergling x2  
  85  5:40  Drone  
  85  5:42  Overlord  
  86  5:43  Drone x2  
  86  5:44  Overlord  
  86  5:46  Zergling x16  
  96  5:56  Zergling x6  
  95  6:12  Lurker Den  
  95  6:21  Mutalisk x11  
  117  6:27  Mutalisk  
  117  6:28  Overlord  
  117  6:29  Overlord x2  
  119  6:35  Mutalisk  
  119  6:38  Zergling x12  
  127  6:42  Spine Crawler  
  127  6:47  Zergling x24  
  126  7:02  Mutalisk x6  
  126  7:05  Zergling x4  
  126  7:13  Mutalisk  
  126  7:14  Mutalisk, Zergling x2  
  126  7:15  Zergling x8  
  121  7:17  Mutalisk  
  110  7:24  Zergling x10  
  112  7:30  Mutalisk x2  
  112  7:31  Zergling x2  
  112  7:32  Zergling x4  
  118  7:39  Mutalisk x2  
  118  7:40  Zergling x10  
  127  7:49  Mutalisk  
  127  7:50  Zergling x2  
  127  7:51  Zergling x2  
  131  7:53  Hatchery  
  130  7:58  Mutalisk  
  130  8:00  Zergling x16  
  137  8:09  Mutalisk  
  137  8:10  Mutalisk x2, Zergling x2  
  137  8:11  Zergling x2  
  133  8:29  Zerg Flyer Weapons Level 1  
  133  8:31  Zerg Missile Weapons Level 1  
  133  8:35  Hydralisk x3  
  133  8:36  Overlord  
  139  8:45  Hatchery  
  139  8:47  Overlord x2  
  139  8:48  Overlord x3  
  134  8:50  Overlord  
  134  9:05  Overlord, Hydralisk  
  134  9:06  Hydralisk x10  
  156  9:11  Queen  
  156  9:14  Lurker  
  159  9:27  Drone  
  159  9:28  Drone x3  
  163  9:32  Lurker  
  163  9:33  Lurker x2  
  161  9:43  Zergling x10  
  161  9:44  Zergling x20  
  172  9:58  Spore Crawler  
  171  10:01  Zergling x10  
  171  10:02  Zergling x8  
  180  10:18  Zergling x14  
  147  10:29  Zergling x18  
  147  10:30  Zergling x4  
  147  10:34  Hydralisk x3  
  147  10:35  Hydralisk x3  
  141  10:44  Hydralisk x5  
  150  10:50  Overseer  
  144  10:57  Hydralisk x5  
  123  11:04  Lurker x2  
  123  11:05  Zergling x8  
  123  11:06  Zergling x2  
  123  11:07  Lurker  
  128  11:13  Muscular Augments  
  113  11:26  Zergling x16  
  113  11:27  Zergling x10  
  117  11:36  Extractor x2  
  114  11:44  Zergling x8  
  116  11:55  Drone x4  
  116  11:59  Hydralisk x5  
  116  12:00  Hydralisk x4  
  137  12:02  Pneumatized Carapace  
  137  12:04  Lurker x5  
  137  12:05  Lurker  
  143  12:15  Hydralisk x2  
  147  12:24  Hydralisk x4  
  147  12:28  Hydralisk  
  157  12:35  Hydralisk x2  
  157  12:49  Zergling x2  
  157  12:50  Zergling x18  
  151  12:54  Hydralisk  
  151  12:56  Hydralisk  
  155  12:59  Zergling x2  
  155  13:00  Zergling x2  
  155  13:03  Hydralisk  
  157  13:06  Hydralisk  
  157  13:09  Hydralisk  
  152  13:18  Hydralisk x2  
  152  13:26  Lurker x4  
  156  13:37  Hydralisk x2  
  156  13:38  Zergling x2  
  161  13:46  Hydralisk  
  162  13:50  Hydralisk x2  
  162  13:54  Zergling x4  
  165  13:57  Zergling x2  
  165  13:58  Zergling x2  
  165  14:00  Zergling x2  
  168  14:03  Zergling x4  
  168  14:04  Zergling x2  
  171  14:13  Hydralisk  
  171  14:14  Hydralisk x2  
  171  14:23  Hydralisk x2  
  173  14:27  Zergling x4  
  177  14:38  Hydralisk x3  
  175  14:45  Zergling x2  
  175  14:46  Zergling x4  
  155  15:06  Hydralisk x4  
  151  15:12  Hydralisk x2  
  151  15:13  Zergling x6  
  137  15:23  Hydralisk, Zergling x6  
  140  15:32  Lurker x2  
  140  15:33  Lurker x3  
  140  15:35  Lurker  
  146  15:44  Lurker  
  147  15:59  Zergling x18  
  156  16:06  Zergling x2  
  156  16:07  Zergling x4  
  151  16:23  Zergling x16  
  157  16:27  Zergling x2  
  152  16:39  Zergling x10  
  140  16:53  Zergling x8  
  113  17:08  Lurker x2  
  115  17:31  Hydralisk  
  115  17:35  Hydralisk x2  
  118  17:55  Hydralisk x5  
  118  17:57  Zergling x4  
  124  18:15  Zergling x10  
  128  18:22  Zergling x2  
  128  18:23  Zergling x10  
  131  18:31  Overseer  
  131  18:36  Lurker  
  130  18:42  Hydralisk x3  
  130  18:47  Hydralisk  
  137  18:51  Lurker  
Tags
 
Add a new tag
Caveats
  • Supply blocks, unpowered buildings, or Contaminate may cause inaccurate times.
  • Supply counts are checked every 10 seconds.